 Dungeon Crawl Stone Soup version 0.21-a0-538-gd16b88a (webtiles) character file.

88 Lanoc the Covered (level 4, -6/38 HPs)
             Began as a Gnoll Wanderer on Dec 16, 2017.
             Killed by divine providence
             ... invoked by an orc priest
              (15 damage)
             ... on level 3 of the Dungeon.
             The game lasted 00:05:45 (1410 turns).

Lanoc the Covered (Gnoll Wanderer)                  Turns: 1410, Time: 00:05:47

Health: -6/38      AC:  7    Str: 14    XL:     4   Next: 53%
Magic:  5/5        EV: 11    Int: 15    God:
Gold:   126        SH:  0    Dex: 15    Spells: 5/5 levels left

rFire    . . .     SeeInvis .   a - +2 mace
rCold    . . .     Gourm    .   (no shield)
rNeg     . . .     Faith    .   c - +0 ring mail
rPois    .         Spirit   .   m - +0 helmet
rElec    .         Reflect  .   (no cloak)
rCorr    .         Harm     .   (no gloves)
MR       .....                  (no boots)
Stlth    ++........             (no amulet)
HPRegen  0.12/turn              r - ring of wizardry
MPRegen  0.09/turn              (no ring)

@: lethally poisoned (-6 -> -10)
A: distributed training, fangs 1, strong nose
a: no special abilities


You were on level 3 of the Dungeon.
You were not hungry.

You visited 1 branch of the dungeon, and saw 3 of its levels.

You collected 126 gold pieces.

Inventory:

Hand Weapons
 a - a +2 mace (weapon)
Missiles
 h - 36 bolts
 i - 28 arrows
Armour
 c - a +0 ring mail (worn)
 m - a +0 helmet (worn)
Jewellery
 r - a ring of wizardry (left hand)
Scrolls
 f - 4 scrolls of identify {unknown}
 g - a scroll of fog {unknown}
 k - a scroll of remove curse {unknown}
 n - a scroll of amnesia {unknown}
Potions
 b - a potion of lignification
 e - a potion of resistance {unknown}
 o - a potion of curing {unknown}
 p - a potion of berserk rage {unknown}
Comestibles
 d - 2 bread rations
 j - a meat ration
 l - 8 chunks of flesh


   Skills:
 + Level 4.6 Fighting
 + Level 1.1 Short Blades
 + Level 1.1 Long Blades
 + Level 1.1 Axes
 + Level 4.6 Maces & Flails
 + Level 1.1 Polearms
 + Level 1.1 Staves
 + Level 1.1 Slings
 + Level 1.1 Bows
 + Level 2.7 Crossbows
 + Level 2.7 Throwing
 + Level 6.6 Armour
 + Level 1.1 Dodging
 + Level 2.5 Stealth
 + Level 1.1 Shields
 + Level 1.1 Unarmed Combat
 + Level 1.1 Spellcasting
 + Level 0.9 Conjurations
 + Level 0.9 Hexes
 + Level 0.9 Charms
 + Level 0.9 Summonings
 + Level 0.9 Necromancy
 + Level 0.9 Translocations
 + Level 0.9 Transmutations
 + Level 0.9 Fire Magic
 + Level 0.9 Ice Magic
 + Level 0.9 Air Magic
 + Level 0.9 Earth Magic
 + Level 0.9 Poison Magic
 + Level 1.2 Invocations
 + Level 1.1 Evocations


You had 5 spell levels left.
You didn't know any spells.

Dungeon Overview and Level Annotations

Branches:
Dungeon (3/15)

Altars:


Innate Abilities, Weirdness & Mutations

Your experience applies equally to all skills.
You have very sharp teeth.
Your uncanny sense of smell can sniff out nearby items.


Message History

The adder closely misses you.
You closely miss the orc priest.
The orc priest is severely wounded.
You feel sick. The adder bites you but does no damage.
The orc priest invokes the aid of Beogh against you.
Beogh smites you!
* * * LOW HITPOINT WARNING * * *
The orc hits you but does no damage.
Some of the chunks of flesh in your inventory have rotted away.
You hit the orc priest.
The orc priest is almost dead.
The adder barely misses you. The orc priest barely misses you.
The orc closely misses you. The adder closely misses you.
You hit the orc priest but do no damage.
You bite the orc priest.
The orc priest is almost dead.
You feel sick.
The orc priest invokes the aid of Beogh against you.
Beogh smites you!
You die...

#...............#.##
#.......#)##........
#.......#...#.#.#.##
#.......###)#...#...
#.......# #.#...#.##
######.......#
#.#.......
#............#
#.##..#.##
#.#####....#.#
#.##..#.## #.@..#.#
#.###>#... #S.o.#.#
#.# #### #.o..#.#
#.# # #....# #.#
#....# .....# #.#..#
.. ...


You could see an orc priest, an adder and an orc.

Vanquished Creatures
  An orc priest (D:3)
  An adder (D:2)
  A dart slug (D:2)
  3 leopard geckos
  An orc (D:3)
  7 bats
  2 giant cockroaches
  A goblin (D:2)
  5 hobgoblins
  8 jackals
  A quokka (D:2)
  2 frilled lizards (D:2)
  5 kobolds
  3 rats
41 creatures vanquished.

Vanquished Creatures (others)
  A plant (D:3)
1 creature vanquished.

Grand Total: 42 creatures vanquished

Notes
Turn   | Place    | Note
-------+----------+-------------------------------------------
     0 | D:1      | Lanoc the Gnoll Wanderer began the quest for the Orb.
     0 | D:1      | Lanoc set off with: a +2 mace, a potion of lignification, a +0 ring mail, a bread ration
     0 | D:1      | Reached XP level 1. HP: 20/20 MP: 1/1
    99 | D:1      | Reached XP level 2. HP: 14/26 MP: 2/2
   587 | D:2      | Reached XP level 3. HP: 27/31 MP: 3/3
   732 | D:2      | Found a faded altar of an unknown god.
   786 | D:2      | Reached skill level 1 in Invocations
  1201 | D:3      | Reached skill level 1 in Short Blades
  1201 | D:3      | Reached skill level 1 in Long Blades
  1201 | D:3      | Reached skill level 1 in Axes
  1201 | D:3      | Reached skill level 1 in Polearms
  1201 | D:3      | Reached skill level 1 in Staves
  1201 | D:3      | Reached skill level 1 in Slings
  1201 | D:3      | Reached skill level 1 in Bows
  1201 | D:3      | Reached skill level 1 in Dodging
  1201 | D:3      | Reached skill level 1 in Shields
  1201 | D:3      | Reached skill level 1 in Unarmed Combat
  1201 | D:3      | Reached skill level 1 in Spellcasting
  1201 | D:3      | Reached skill level 1 in Evocations
  1206 | D:3      | Reached XP level 4. HP: 16/38 MP: 5/5
  1410 | D:3      | Killed from afar by an orc priest

Vault maps used:
D:1:      elethiomel_arrival_quiet, minmay_pentomino_w2
D:2:      first_bread, chequers_ecumenical_altar_simple_redux
D:3:      gammafunk_wand_slinger, lightli_temple_of_fire, uniq_sigmund

Skill      XL: |  1  2  3 |
---------------+----------+-----
Invocations    | 1 |  1.2
Short Blades   | 1 |  1.1
Long Blades    | 1 |  1.1
Axes           | 1 |  1.1
Polearms       | 1 |  1.1
Staves         | 1 |  1.1
Slings         | 1 |  1.1
Bows           | 1 |  1.1
Dodging        | 1 |  1.1
Shields        | 1 |  1.1
Unarmed Combat | 1 |  1.1
Spellcasting   | 1 |  1.1
Evocations     | 1 |  1.1
Fighting       | |  4.6
Maces & Flails | |  4.6
Crossbows      | |  2.7
Throwing       | |  2.7
Armour         | |  6.6
Stealth        | |  2.5
Conjurations   | |  0.9
Hexes          | |  0.9
Charms         | |  0.9
Summonings     | |  0.9
Necromancy     | |  0.9
Translocations | |  0.9
Transmutations | |  0.9
Fire Magic     | |  0.9
Ice Magic      | |  0.9
Air Magic      | |  0.9
Earth Magic    | |  0.9
Poison Magic   | |  0.9

Action                   |  1- 3 |  4- 6 || total
-------------------------+-------+-------++-------
Melee: Mace              |   123 |    17 ||   140
       Bite              |    11 |     2 ||    13
  Use: Potion            |     1 |       ||     1
 Stab: Sleeping          |     2 |       ||     2
  Eat: Chunk             |     1 |     1 ||     2
Armor: Ring mail         |    79 |    17 ||    96
Dodge: Dodged            |   102 |    18 ||   120

Table legend:
 A = Spawn XP
 B = Non-spawn XP
 C = Spawn XP percentage of total XP
 D = Spawn monster count
 E = Non-spawn monster count
 F = Spawn count percentage of total count
 G = Total turns spent on level
                    A         B        C        D         E        F      G
               +---------+---------+-------+---------+---------+-------+---------
         Total |       0 |     126 |   0.0 |       0 |      41 |   0.0 |  1410
               +---------+---------+-------+---------+---------+-------+---------
           D:1 |       0 |      22 |   0.0 |       0 |      13 |   0.0 |   555
           D:2 |       0 |      44 |   0.0 |       0 |      17 |   0.0 |   588
           D:3 |       0 |      60 |   0.0 |       0 |      11 |   0.0 |   267
               +---------+---------+-------+---------+---------+-------+---------
